 Dungeon Crawl Stone Soup version 0.22-a0-422-g9628fc8 (webtiles) character file.

520429 zhorgal the Champion of Chaos (level 24, 0/238 HPs)
             Began as a Deep Dwarf Fighter on May 16, 2018.
             Was the Champion of Makhleb.
             Slain by a spriggan berserker
             ... wielding a +2 hand axe of electrocution
              (9 damage)
             ... while paralysed by a floating eye
             ... on level 4 of the Depths on May 19, 2018.
             The game lasted 05:11:31 (45768 turns).

zhorgal the Champion of Chaos (Deep Dwarf Fighter) Turns: 45768, Time: 05:11:32

Health: 0/238      AC: 36    Str: 33    XL:     24   Next: 62%
Magic:  17/17      EV:  2    Int: 11    God:    Makhleb [******]
Gold:   3350       SH:  0    Dex: 12    Spells: 16/29 levels left

rFire    + + +     SeeInvis +   a - +9 broad axe (freeze)
rCold    + + +     Gourm    .   V - +2 shield of Resistance {rF+ rC+ MR+}
rNeg     + . .     Faith    .   Y - +7 gold dragon scales
rPois    +         Spirit   .   D - +0 helmet
rElec    .         Reflect  +   j - scarf {rC+ rF+}
rCorr    +         Harm     .   B - +2 pair of gloves {Str+3}
MR       ++++.                  r - +0 pair of boots
Stlth    ..........             E - +3 amulet of reflection
HPRegen  0.00/turn              A - ring of resist corrosion
MPRegen  0.15/turn              N - ring of Faotar {rPois rC+ SInv}

@: paralysed, non-regenerating
A: damage resistance, heal wounds, negative energy resistance 1, sense
surroundings 3, no regeneration
}: 2/15 runes: barnacled, gossamer
a: Heal Wounds, Minor Destruction, Lesser Servant of Makhleb, Major Destruction,
Greater Servant of Makhleb, Renounce Religion


You were on level 4 of the Depths.
You worshipped Makhleb.
Makhleb was exalted by your worship.
You were hungry.

You visited 9 branches of the dungeon, and saw 43 of its levels.
You also visited: Ossuary.

You collected 5617 gold pieces.
You spent 2267 gold pieces at shops.

Inventory:

Hand Weapons
 a - a +9 broad axe of freezing (weapon)
Missiles
 O - 6 throwing nets (quivered)
 X - 67 javelins
Armour
 j - a scarf of resistance (worn)
 r - a +0 pair of boots (worn)
 B - a +2 pair of gloves of strength (worn)
 D - a +0 helmet (worn)
 V - the +2 shield of Resistance (worn) {rF+ rC+ MR+}
   (You found it on level 1 of the Depths)

   It protects you from fire.
   It protects you from cold.
   It affects your resistance to hostile enchantments.
 Y - +7 gold dragon scales (worn)
Jewellery
 A - a ring of resist corrosion (left hand)
 E - a +3 amulet of reflection (around neck)
 N - the ring of Faotar (right hand) {rPois rC+ SInv}
   (You took it off a merfolk javelineer on level 4 of the Shoals)

   [ring of see invisible]

   It protects you from cold.
   It protects you from poison.
   It lets you see invisible.
Wands
 g - a wand of acid (34)
 s - a wand of iceblast (16)
 y - a wand of paralysis (23)
 P - a wand of clouds (2)
 T - a wand of enslavement (38)
 Z - a wand of digging (52)
Scrolls
 i - a scroll of brand weapon
 m - 9 scrolls of fog
 n - 4 scrolls of enchant weapon
 w - 18 scrolls of fear
 x - 10 scrolls of magic mapping
 C - 11 scrolls of teleportation
 G - 2 scrolls of blinking
 I - 3 scrolls of summoning
 J - 18 scrolls of remove curse
 M - 11 scrolls of immolation
 W - 17 scrolls of identify
Potions
 c - a potion of experience
 d - 5 potions of might
 h - 14 potions of lignification
 l - 11 potions of agility
 o - 3 potions of magic
 q - 22 potions of heal wounds
 u - 7 potions of mutation
 v - 5 potions of cancellation
 z - 19 potions of curing
 F - 4 potions of haste
 H - 2 potions of brilliance
 L - 2 potions of invisibility
 R - 2 potions of berserk rage
 S - 6 potions of ambrosia
 U - 3 potions of resistance
Miscellaneous
 e - 4 sacks of spiders
 k - a lamp of fire
 p - 2 boxes of beasts
 t - a lightning rod (4/4)
 K - 3 phantom mirrors
Comestibles
 b - 5 chunks of flesh
 f - 79 rations


   Skills:
 - Level 18.7 Fighting
 - Level 18.0 Axes
 - Level 18.3 Armour
 - Level 18.0 Dodging
 - Level 18.0 Shields
 + Level 3.1 Spellcasting
 + Level 3.4 Summonings
 + Level 4.1 Translocations
 + Level 20.8 Invocations
 - Level 10.0 Evocations


You had 16 spell levels left.
You knew the following spells:

 Your Spells              Type           Power        Failure   Level  Hunger
a - Blink                 Tloc           N/A          56%         2    ###....
b - Apportation           Tloc           ##....       43%         1    #......
c - Summon Lightning Spi  Summ/Air       #.......     100%        4    #####..
d - Summon Butterflies    Summ           #.......     52%         1    #......
e - Passwall              Tmut/Erth      #.........   98%         2    ###....
f - Lesser Beckoning      Tloc           ##........   80%         3    ###....

Your spell library contained the following spells:

 Spells                   Type           Power        Failure   Level  Hunger
 Cause Fear               Hex            #.........   100%        4    #####..
 Magic Dart               Conj           #...         94%         1    #......
 Conjure Flame            Conj/Fire      #.......     100%        3    ###....
 Bolt of Magma            Conj/Fire/Erth #.........   100%        5    ######.
 Slow                     Hex            #.......     98%         2    ###....
 Confuse                  Hex            #.......     100%        3    ###....
 Invisibility             Hex            #.......     100%        6    #######
 Throw Flame              Conj/Fire      #.....       98%         2    ###....
 Throw Frost              Conj/Ice       #.....       98%         2    ###....
 Freezing Cloud           Conj/Ice/Air   #.........   100%        6    #######
 Mephitic Cloud           Conj/Pois/Air  #.......     100%        3    ###....
 Ring of Flames           Chrm/Fire      #.........   100%        7    #######
 Venom Bolt               Conj/Pois      #.........   100%        5    ######.
 Olgreb's Toxic Radiance  Pois           #.......     100%        4    #####..
 Teleport Other           Tloc           ##......     80%         3    ###....
 Summon Small Mammal      Summ           #...         52%         1    #......
 Iskenderun's Mystic Bla  Conj           #.......     100%        4    #####..
 Animate Dead             Necr           N/A          100%        4    #####..
 Animate Skeleton         Necr           N/A          94%         1    #......
 Vampiric Draining        Necr           #.........   100%        3    ###....
 Freeze                   Ice            #...         94%         1    #......
 Summon Ice Beast         Ice/Summ       #.......     100%        4    #####..
 Ozocubu's Armour         Chrm/Ice       #.......     100%        3    ###....
 Call Imp                 Summ           #.......     67%         2    ###....
 Dispel Undead            Necr           #.......     100%        5    ######.
 Regeneration             Chrm/Necr      #.........   100%        3    ###....
 Sting                    Conj/Pois      #...         94%         1    #......
 Summon Demon             Summ           #.........   100%        5    ######.
 Corpse Rot               Necr           N/A          98%         2    ###....
 Iron Shot                Conj/Erth      #.........   100%        6    #######
 Stone Arrow              Conj/Erth      #.....       100%        3    ###....
 Swiftness                Chrm/Air       #.......     98%         2    ###....
 Recall                   Summ/Tloc      N/A          85%         3    ###....
 Spider Form              Tmut/Pois      #.........   100%        3    ###....
 Blade Hands              Tmut           #.........   100%        5    ######.
 Statue Form              Tmut/Erth      #........    100%        6    #######
 Ice Form                 Ice/Tmut       #.......     100%        4    #####..
 Death Channel            Necr           #.........   100%        6    #######
 Throw Icicle             Conj/Ice       #.......     100%        4    #####..
 Shadow Creatures         Summ           N/A          100%        6    #######
 Confusing Touch          Hex            #.....       94%         1    #......
 Flame Tongue             Conj/Fire      #....        94%         1    #......
 Ignite Poison            Fire/Tmut/Pois #.......     100%        3    ###....
 Sticks to Snakes         Tmut           #.......     98%         2    ###....
 Call Canine Familiar     Summ           #.......     88%         3    ###....
 Ensorcelled Hibernation  Hex/Ice        #.....       98%         2    ###....
 Metabolic Englaciation   Hex/Ice        #.........   100%        5    ######.
 Shatter                  Erth           #.........   100%        9    #######
 Corona                   Hex            #......      94%         1    #......
 Alistair's Intoxication  Tmut/Pois      #.......     100%        5    ######.
 Lee's Rapid Deconstruct  Erth           #.........   100%        5    ######.
 Simulacrum               Ice/Necr       #.........   100%        6    #######
 Portal Projectile        Hex/Tloc       #.....       97%         3    ###....
 Petrify                  Tmut/Erth      #.......     100%        4    #####..
 Passage of Golubria      Tloc           N/A          99%         4    #####..
 Malign Gateway           Summ/Tloc      #.........   100%        7    #######
 Leda's Liquefaction      Hex/Erth       #.........   100%        4    #####..
 Summon Hydra             Summ           #.........   100%        7    #######
 Darkness                 Hex            #.........   100%        6    #######
 Shroud of Golubria       Chrm/Tloc      #.........   85%         2    ###....
 Inner Flame              Hex/Fire       #.......     100%        3    ###....
 Aura of Abjuration       Summ           #.........   100%        5    ######.
 Beastly Appendage        Tmut           #.....       94%         1    #......
 Disjunction              Tloc           ##........   100%        8    #######
 Fulminant Prism          Conj/Hex       #.........   100%        4    #####..
 Dazzling Spray           Conj/Hex       #.....       100%        3    ###....
 Force Lance              Conj/Tloc      #.......     100%        4    #####..
 Infusion                 Chrm           #...         94%         1    #......
 Song of Slaying          Chrm           #.......     98%         2    ###....
 Spectral Weapon          Hex/Chrm       #.......     100%        3    ###....
 Searing Ray              Conj           #.....       98%         2    ###....
 Summon Forest            Summ/Tloc      #.........   100%        5    ######.
 Summon Guardian Golem    Hex/Summ       #.......     98%         3    ###....
 Dragon's Call            Summ           #.........   100%        9    #######
 Summon Mana Viper        Hex/Summ       #.......     100%        5    ######.
 Hydra Form               Tmut           #.........   100%        6    #######
 Gell's Gravitas          Tloc           ##........   80%         3    ###....
 Yara's Violent Unravell  Hex/Tmut       #.........   100%        5    ######.
 Poisonous Vapours        Pois/Air       #.....       98%         2    ###....
 Borgnjor's Vile Clutch   Necr/Erth      #.........   100%        5    ######.


Dungeon Overview and Level Annotations

Branches:
Dungeon (15/15)            Temple (1/1) D:5            Lair (6/6) D:8
 Shoals (4/4) Lair:4       Spider (4/4) Lair:3        Slime (0/5) Lair:6
    Orc (2/2) D:9             Elf (3/3) Orc:2        Vaults (4/5) D:14
  Crypt (0/3) Vaults:2     Depths (4/5) D:15

Altars:
Ashenzari
Cheibriados
Dithmenos
Elyvilon
Fedhas
Gozag
Hepliaklqana
Kikubaaqudgha
Makhleb
Nemelex Xobeh
Okawaru
Qazlal
Ru
Sif Muna
Trog
Uskayaw
Vehumet
Wu Jian
Xom
Yredelemnul
Zin
The Shining One

Shops:
D:4 (   D:6 *   D:8 (   D:12 **!:   Orc:1 [?(%   Orc:2 [!}!   Elf:1 [![}}
Elf:2 %   Shoals:4 %%[=   Vaults:4 :

Portals:
Hell: Depths:1 Depths:2 Depths:3
Abyss: Depths:2 Depths:4
Pandemonium: Depths:3
Ziggurat: Depths:4

Annotations:
D:2 1 runed door
D:6 2 transporters
Shoals:2 exclusion: Roxanne, Roxanne


Innate Abilities, Weirdness & Mutations

You are resistant to damage.
You can heal yourself by infusing magical energy.
You resist negative energy. (rN+)
You passively map a large area around you.
You do not regenerate.


Message History

The deep troll earth mage claws you but does no damage.
The deep troll earth mage bites you but does no damage.
The deep troll earth mage claws you but does no damage. x2
The yaktaur captain hits you.
The spriggan berserker hits you but does no damage.
You are electrocuted!
* * * LOW HITPOINT WARNING * * *
You are feeling hungry.
The deep troll earth mage bites you!!
* * * LOW HITPOINT WARNING * * *
The deep troll earth mage claws you.
The deep troll earth mage claws you but does no damage.
The yaktaur captain hits you. The deep troll earth mage bites you!
* * * LOW HITPOINT WARNING * * *
The deep troll earth mage claws you but does no damage.
The deep troll earth mage claws you.
* * * LOW HITPOINT WARNING * * *
The spriggan berserker hits you but does no damage.
You are electrocuted!
You die...

....#, , ,,, ≈ ≈, ,,
.##.## ,* , #..# ≈ ≈ ,
, .##..# ,* , #..#,, ,
≈ ≈, .....# ###..# , *
.###.# # ,....#* ,, ≈ *
.# #.## , #. #...# , ≈
≈ * .###..# ..#.##...#
≈ ≈ ≈ * *,
......##.......iG#* ,,≈
,, ..##...##...#..c@# *
, ,
..##....###..).CT#*,,
**
#.........#####..##...
*
.......................
*
.......................
###############....####
######


You could see a frost giant, a yaktaur captain, a spriggan berserker, a deep
troll earth mage and a floating eye.

Vanquished Creatures
  A juggernaut (Depths:1)
  The ghost of KlownO the Earth Mage, a veteran GrEE of Ashenzari (Depths:2)
  Margery (Depths:3)
  Saint Roka (Elf:2)
  2 golden dragons
  Nikola (Vaults:2)
  A Tzitzimitl (Depths:2)
  4 liches
  2 tentacled monstrosities
  A titan (Depths:4)
  Polyphemus (Shoals:2)
  3 deep elf blademasters
  A sphinx (Depths:1)
  2 krakens (Shoals:1)
  Kirke (Elf:1)
  3 storm dragons
  5 tengu reavers
  A shadow dragon (Depths:1)
  6 fire giants
  9 vault wardens
  11 deep elf sorcerers
  6 ghost moths
  2 emperor scorpions
  3 frost giants
  5 deep elf elementalists (Elf:3)
  2 spriggan defenders (Depths:3)
  A war gargoyle (Depths:2)
  17 ironheart preservers
  6 very ugly things
  3 entropy weavers
  12 stone giants
  14 spark wasps
  A dire elephant (Lair:6)
  9 deep elf demonologists
  11 deep elf annihilators
  A merfolk javelineer (Shoals:4)
  9 deep elf death magi
  5 fire dragons
  8 ettins
  6 deep elf high priests (Elf:3)
  11 ogre magi
  5 merfolk impalers
  11 yaktaur captains
  10 vault guards
  A caustic shrike simulacrum (Depths:2)
  5 ice dragons
  Erolcha (D:10)
  Harold (Lair:2)
  6 great orbs of eyes
  5 hydras
  2 catoblepae
  A death knight (Vaults:2)
  6 rakshasas
  5 merfolk aquamancers
  2 spriggan air magi (Depths:3)
  8 centaur warriors
  7 merfolk avatars
  An alligator snapping turtle (Shoals:2)
  5 deep troll shamans
  A satyr (shapeshifter) (Depths:1)
  25 dancing weapons
  5 tengu warriors
  2 deep troll earth magi
  An anaconda (Lair:6)
  An orc high priest (Elf:1)
  29 two-headed ogres
  A spriggan berserker (Depths:3)
  2 vampire magi
  13 death yaks
  A shock serpent (shapeshifter) (Depths:4)
  An iron troll (Depths:3)
  3 small abominations
  Sonja (Lair:2)
  34 deep elf knights
  A storm dragon zombie (Depths:2)
  6 hell knights
  12 skeletal warriors
  Nergalle (Lair:1)
  2 shadow wraiths
  2 death drakes (Depths:2)
  2 spectral anacondas (Depths:2)
  12 deep trolls
  A deep troll (shapeshifter) (D:15)
  10 flayed ghosts
  2 unseen horrors
  A tengu zombie (Vaults:3)
  10 sea snakes
  3 orange crystal statues
  Pikel (D:8)
  6 glowing orange brains
  2 lindwurms (Lair:6)
  12 ironbrand convokers
  18 orc knights
  15 deep elf archers
  A sphinx zombie (Depths:2)
  5 necromancers
  38 wolf spiders
  5 wizards
  A phantasmal warrior (Vaults:2)
  14 harpies
  An orc sorcerer (Vaults:4)
  3 spectral hydras (Depths:2)
  28 ugly things
  A wolf spider zombie (D:15)
  9 manticores
  3 mana vipers (Depths:2)
  68 deep elf magi
  A salamander (Depths:4)
  12 cyclopes
  A moth of wrath (Spider:3)
  An orb spider (shapeshifter) (Vaults:2)
  21 orb spiders
  4 oklob plants (Lair:6)
  31 slime creatures
  15 fauns
  14 merfolk sirens
  6 black mambas
  10 apocalypse crabs (Depths:3)
  4 water nymphs
  5 vault sentinels
  2 elephants (Lair:6)
  5 torpor snails
  A torpor snail (shapeshifter) (Depths:3)
  2 gargoyles
  A spiny frog (shapeshifter) (Vaults:4)
  32 yaktaurs
  3 centaur skeletons
  The ghost of Curus the Martial Artist, a novice MfTm of Okawaru (D:5)
  19 demonic crawlers
  3 komodo dragons
  14 spiny frogs
  3 rime drakes
  An efreet (D:13)
  8 freezing wraiths
  2 kobold demonologists (D:13)
  An anaconda simulacrum (Depths:2)
  42 jumping spiders
  5 tengu conjurers
  3 spectral merfolk (Depths:2)
  13 trolls
  2 meliai (shapeshifter)
  9 polar bears (Lair:6)
  15 merfolk
  3 meliai (Spider:4)
  A wolf spider simulacrum (D:14)
  A troll (shapeshifter) (Vaults:4)
  21 hornets
  A wind drake (Shoals:3)
  A hornet (shapeshifter) (Depths:4)
  A slime creature (shapeshifter) (Depths:2)
  A jumping spider (shapeshifter) (Vaults:2)
  20 blink frogs
  14 dream sheep
  A queen bee (Spider:4)
  5 raiju
  10 hippogriffs
  10 snapping turtles
  A human simulacrum (Vaults:1)
  A stone giant simulacrum (Vaults:1)
  2 air elementals (Elf:3)
  11 shadows
  A spriggan (D:8)
  Sigmund (D:2)
  10 wraiths
  93 redbacks
  3 vampires
  13 water elementals
  A tarantella (shapeshifter) (Vaults:2)
  42 tarantellas
  A yak (shapeshifter) (D:14)
  2 fire bats (Depths:4)
  2 wyverns
  30 yaks
  A golden eye (shapeshifter) (Vaults:4)
  6 hungry ghosts
  2 humans (D:14)
  3 fire elementals
  A steam dragon (D:10)
  8 vampire mosquitoes
  5 basilisks
  14 wargs
  Menkaure (D:7)
  3 soldier ants
  A deep troll zombie (Vaults:3)
  8 water moccasins
  A floating eye (Depths:2)
  18 hell hounds
  3 acid dragons
  5 porcupines
  5 spectral spriggans (Depths:2)
  A floating eye (shapeshifter) (Depths:3)
  37 orc warriors
  3 spectral trolls (Depths:2)
  7 ice beasts
  3 necrophages
  2 slaves (D:8)
  12 black bears
  8 boggarts
  56 ogres
  8 sky beasts
  2 phantoms
  20 wolves
  15 centaurs
  A centaur (shapeshifter) (Depths:4)
  2 human skeletons (Vaults:3)
  8 crocodiles
  A big kobold (shapeshifter) (Vaults:4)
  2 elf zombies (Ossuary)
  19 bullfrogs
  A gnoll sergeant (D:5)
  3 big kobolds
  A glowing shapeshifter simulacrum (Vaults:3)
  A wyvern zombie (D:10)
  A wyvern skeleton (D:12)
  2 earth elementals
  3 scorpions
  23 killer bees
  A spectral naga (Depths:2)
  2 spectral ogres (Depths:2)
  18 wights
  5 electric eels
  A vampire bat (Lair:5)
  3 howler monkeys
  5 crimson imps
  A spectral centaur (Depths:2)
  2 centaur zombies
  3 bullfrog zombies
  5 jellies
  20 orc priests
  A bullfrog skeleton (D:5)
  7 hounds
  6 human zombies
  Ijyb (D:3)
  Natasha (thrice) (D:2)
  4 iguanas
  15 orc wizards
  5 hell rats (Lair:6)
  A troll simulacrum (Depths:2)
  16 worker ants
  2 killer bee zombies
  A big kobold zombie (Ossuary)
  A hound skeleton (D:10)
  4 mummies (Ossuary)
  A howler monkey zombie (D:6)
  8 gnolls (D:5)
  12 adders
  5 shadow imps
  An ufetubus (Vaults:1)
  5 oozes (Lair:6)
  2 adder skeletons
  3 adder zombies
  4 worms
  3 dart slugs
  13 leopard geckos
  100 orcs
  11 bats
  3 giant cockroaches
  4 goblins
  9 hobgoblins
  20 jackals
  A quokka (D:5)
  14 frilled lizards
  A goblin zombie (Ossuary)
  A hobgoblin zombie (Ossuary)
  A jackal skeleton (D:7)
  A jackal zombie (Ossuary)
  17 kobolds
  A leopard gecko skeleton (D:4)
  3 quokka skeletons
  3 rats (D:3)
  A rat zombie (Ossuary)
  4 bushes (Lair:6)
  A crawling corpse (Elf:3)
  4 fungi
  22 plants
  4 tentacles (Shoals:1)
2047 creatures vanquished.

Vanquished Creatures (collateral kills)
  Jorgrun (Vaults:3)
  A deep elf blademaster (Elf:3)
  Ilsuiw (Shoals:4)
  A deep elf elementalist (Elf:3)
  An entropy weaver (Spider:3)
  3 deep elf demonologists (Elf:3)
  The ghost of KlownO the Geomancer, a journeyman GrEE of Ashenzari (D:12)
  2 merfolk impalers (Shoals:4)
  A merfolk javelineer (Shoals:4)
  A hydra (D:9)
  2 alligator snapping turtles
  A sea snake (Shoals:4)
  A cyclops (Orc:2)
  2 merfolk sirens (Shoals:4)
  A centaur zombie (D:12)
  A torpor snail (Lair:6)
  A yaktaur (Vaults:3)
  3 merfolk (Shoals:4)
  5 jumping spiders
  2 slime creatures (Vaults:2)
  A snapping turtle (Shoals:4)
  5 redbacks
  An ogre (Orc:2)
  A crocodile (Lair:6)
  A bullfrog (D:9)
  A killer bee (D:12)
  An orc wizard (Orc:2)
  5 orcs
  3 plants
51 creatures vanquished.

Vanquished Creatures (others)
  A deep elf master archer (Elf:3)
  A frost giant (Depths:1)
  3 merfolk javelineers (Shoals:4)
  A centaur warrior (Vaults:1)
  A tengu warrior (Depths:3)
  2 satyrs (Shoals:3)
  A deep elf archer (Vaults:3)
  2 cyclopes
  3 fauns
  A merfolk siren (Shoals:3)
  A freezing wraith (Vaults:2)
  14 yaktaurs
  A merfolk (Shoals:4)
  2 redbacks (Spider:4)
  A tarantella (Spider:2)
  A slave (D:8)
  8 centaurs
  2 orcs
  13 fungi
  27 plants
  27 tentacles (Shoals:1)
113 creatures vanquished.

Grand Total: 2211 creatures vanquished

Notes
Turn   | Place    | Note
-------+----------+-------------------------------------------
     0 | D:1      | zhorgal the Deep Dwarf Fighter began the quest for the Orb.
     0 | D:1      | Reached XP level 1. HP: 20/20 MP: 1/1
   260 | D:1      | Reached XP level 2. HP: 27/27 MP: 2/2
   699 | D:2      | Found an opulent altar of Gozag.
   738 | D:2      | Noticed Sigmund
   774 | D:2      | Killed Sigmund
   774 | D:2      | Reached XP level 3. HP: 33/33 MP: 3/3
   774 | D:2      | Reached XP level 4. HP: 40/40 MP: 4/4
   774 | D:2      | Reached XP level 5. HP: 46/46 MP: 5/5
   797 | D:2      | Noticed Natasha
   802 | D:2      | Killed Natasha
  1070 | D:2      | Reached XP level 6. HP: 49/55 MP: 6/6
  1189 | D:2      | Noticed Natasha
  1198 | D:2      | Killed Natasha
  1216 | D:2      | Noticed Natasha
  1228 | D:2      | Killed Natasha
  1290 | D:2      | Found a runed door.
  1789 | D:3      | Noticed Ijyb
  1814 | D:3      | Paralysed by Ijyb for 4 turns
  1819 | D:3      | Killed Ijyb
  2075 | D:3      | Found a glowing golden altar of the Shining One.
  2315 | D:4      | Found Kaypneh's Antique Weapon Emporium.
  2345 | D:4      | Found a sand-covered staircase.
  2351 | Ossuary  | Entered an ossuary
  2371 | Ossuary  | Reached XP level 7. HP: 36/61 MP: 7/7
  2854 | D:4      | Reached skill level 10 in Axes
  3091 | D:4      | Reached XP level 8. HP: 44/68 MP: 8/8
  3343 | D:5      | Entered Level 5 of the Dungeon
  3405 | D:5      | Noticed Curus's ghost (novice MfTm)
  3433 | D:5      | Killed Curus's ghost
  3606 | D:5      | Found a staircase to the Ecumenical Temple.
  3637 | Temple   | Entered the Ecumenical Temple
  3768 | Temple   | Became a worshipper of Makhleb the Destroyer
  4015 | D:5      | Reached skill level 1 in Invocations
  4015 | D:5      | Reached skill level 1 in Evocations
  4231 | D:6      | Reached skill level 5 in Fighting
  4288 | D:6      | Found a transporter.
  4290 | D:6      | Noticed a kobold demonologist
  4354 | D:6      | Reached skill level 2 in Invocations
  4354 | D:6      | Gained mutation: You passively map the area around you. [Deep Dwarf growth]
  4354 | D:6      | Reached XP level 9. HP: 32/81 MP: 8/8
  4468 | D:6      | Reached skill level 3 in Invocations
  4471 | D:6      | Reached * piety under Makhleb
  4561 | D:6      | Found a transporter.
  4567 | D:6      | Found Kiwakhlalyt's General Store.
  4612 | D:6      | Bought a scroll of identify for 24 gold pieces
  4612 | D:6      | Bought 3 scrolls of identify for 72 gold pieces
  5172 | D:7      | Reached skill level 4 in Invocations
  5579 | D:7      | Reached ** piety under Makhleb
  5664 | D:7      | Reached skill level 5 in Invocations
  5664 | D:7      | Reached skill level 5 in Evocations
  5693 | D:7      | Noticed Menkaure
  5721 | D:7      | Killed Menkaure
  6011 | D:8      | Reached XP level 10. HP: 71/92 MP: 12/12
  6021 | D:8      | Noticed a two-headed ogre
  6038 | D:8      | Killed a two-headed ogre
  6142 | D:8      | Noticed Pikel
  6159 | D:8      | Killed Pikel
  6239 | D:8      | Found a staircase to the Lair.
  6282 | D:8      | Found Atowef's Antique Weapon Boutique.
  6396 | D:8      | Reached *** piety under Makhleb
  6730 | D:9      | Noticed a white ugly thing
  6752 | D:9      | Killed a white ugly thing
  6812 | D:9      | Found a shattered altar of Ashenzari.
  6977 | D:9      | Noticed a seven-headed hydra
  6988 | D:9      | Killed a seven-headed hydra
  7021 | D:9      | Found a staircase to the Orcish Mines.
  7030 | D:9      | Reached XP level 11. HP: 103/103 MP: 13/13
  7548 | Orc:1    | Entered Level 1 of the Orcish Mines
  7548 | Orc:1    | Found Muocot's Magic Scroll Boutique.
  7559 | Orc:1    | Reached **** piety under Makhleb
  7561 | Orc:1    | Found Xajixuydgh's Antique Armour Shoppe.
  7611 | Orc:1    | Noticed an orc knight
  7645 | D:9      | Killed an orc knight
  7718 | Orc:1    | Bought a scroll of identify for 26 gold pieces
  7720 | Orc:1    | Bought a scroll of enchant weapon for 97 gold pieces
  7720 | Orc:1    | Bought a scroll of teleportation for 39 gold pieces
  7720 | Orc:1    | Bought a scroll of teleportation for 39 gold pieces
  7720 | Orc:1    | Bought a scroll of teleportation for 39 gold pieces
  7720 | Orc:1    | Bought a scroll of enchant armour for 97 gold pieces
  7745 | Orc:1    | Bought a pair of runed gloves for 195 gold pieces
  7745 | Orc:1    | Bought a heavily runed helmet for 247 gold pieces
  7750 | Orc:1    | Identified the +1 helmet of Philately {rPois MR- Dex+5} (You bought it in a shop on level 1 of the Orcish Mines)
  7933 | Orc:1    | Found Ceqija Vimi's Weapon Boutique.
  7946 | Orc:1    | Found Seatoo's Food Shoppe.
  8146 | Orc:2    | Entered Level 2 of the Orcish Mines
  8175 | Orc:1    | Reached skill level 6 in Invocations
  8299 | Orc:2    | Noticed an orc knight
  8315 | Orc:2    | HP: 5/104 [orc warrior/dire flail[an orc knight] (19)]
  8317 | Orc:2    | HP: 2/104 [orc knight/halberd (15)]
  8361 | Orc:2    | Killed an orc knight
  8361 | Orc:2    | Reached skill level 10 in Evocations
  8398 | Orc:2    | Found a staircase to the Elven Halls.
  8664 | Orc:2    | Noticed a two-headed ogre
  8677 | Orc:2    | Killed a two-headed ogre
  8677 | Orc:2    | Reached skill level 7 in Invocations
  8679 | Orc:2    | Noticed an ogre mage
  8679 | Orc:2    | Noticed a two-headed ogre
  8690 | Orc:2    | Killed a two-headed ogre
  8695 | Orc:2    | Killed an ogre mage
  8696 | Orc:2    | Noticed a two-headed ogre
  8696 | Orc:2    | Noticed a two-headed ogre
  8700 | Orc:2    | Noticed an ogre mage
  8705 | Orc:2    | Noticed a deep troll
  8708 | Orc:2    | Noticed a two-headed ogre
  8721 | Orc:2    | Killed a two-headed ogre
  8721 | Orc:2    | Reached skill level 8 in Invocations
  8728 | Orc:2    | Killed a two-headed ogre
  8759 | Orc:1    | Killed a deep troll
  8821 | Orc:1    | Reached XP level 12. HP: 70/115 MP: 10/10
  8899 | Orc:2    | Reached skill level 9 in Invocations
  9039 | Orc:2    | Noticed a two-headed ogre
  9089 | Orc:2    | Killed a two-headed ogre
  9089 | Orc:2    | Reached skill level 10 in Fighting
  9142 | Orc:2    | Killed a two-headed ogre
  9216 | Orc:2    | Noticed a two-headed ogre
  9230 | Orc:2    | Killed a two-headed ogre
  9230 | Orc:2    | Reached skill level 10 in Invocations
  9247 | Orc:2    | Noticed a two-headed ogre
  9260 | Orc:2    | Killed a two-headed ogre
  9263 | Orc:2    | Reached skill level 15 in Axes
  9276 | Orc:2    | Killed an ogre mage
  9287 | Orc:2    | Found Aluymaihae's Antique Armour Boutique.
  9289 | Orc:2    | Found Eshreh's Gadget Emporium.
  9292 | Orc:2    | Found Gucaruyg's Distillery.
  9302 | Orc:2    | Found Icitsuull's Distillery.
  9311 | Orc:2    | Bought a potion of ambrosia for 128 gold pieces
  9311 | Orc:2    | Bought a potion of resistance for 160 gold pieces
  9311 | Orc:2    | Bought a potion of heal wounds for 80 gold pieces
  9311 | Orc:2    | Bought 2 potions of curing for 96 gold pieces
  9311 | Orc:2    | Bought a potion of curing for 48 gold pieces
  9311 | Orc:2    | Bought a potion of agility for 64 gold pieces
  9311 | Orc:2    | Bought a potion of heal wounds for 80 gold pieces
  9311 | Orc:2    | Bought a potion of heal wounds for 80 gold pieces
  9505 | Lair:1   | Entered Level 1 of the Lair of Beasts
  9523 | Lair:1   | Noticed Nergalle
  9557 | Lair:1   | Killed Nergalle
 10045 | Lair:1   | Reached skill level 1 in Dodging
 10420 | Lair:2   | Noticed Sonja
 10429 | Lair:2   | Killed Sonja
 10514 | Lair:2   | Reached XP level 13. HP: 127/127 MP: 11/11
 10649 | Lair:2   | Reached ***** piety under Makhleb
 10823 | Lair:2   | Reached skill level 5 in Armour
 10890 | Lair:2   | Noticed Harold
 10903 | Lair:2   | Killed Harold
 11566 | Lair:3   | Found a hole to the Spider Nest.
 12229 | Lair:4   | Learned a level 2 spell: Blink
 12231 | Lair:4   | Learned a level 1 spell: Apportation
 12446 | Lair:4   | Found a staircase to the Shoals.
 12464 | Lair:4   | You fall through a shaft for 2 floors!
 12464 | Lair:6   | Entered Level 6 of the Lair of Beasts
 12474 | Lair:6   | Reached skill level 5 in Dodging
 12474 | Lair:6   | Found a staircase to the Slime Pits.
 13614 | Lair:6   | Reached skill level 11 in Invocations
 13660 | Lair:6   | Gained mutation: You resist negative energy. (rN+) [Deep Dwarf growth]
 13660 | Lair:6   | Reached XP level 14. HP: 101/138 MP: 12/12
 14005 | Lair:6   | Reached ****** piety under Makhleb
 14103 | Lair:6   | Got a translucent buckler
 14650 | Lair:6   | Reached skill level 12 in Invocations
 15257 | D:10     | Entered Level 10 of the Dungeon
 15286 | D:10     | Noticed Erolcha
 15292 | D:10     | Killed Erolcha
 15431 | D:10     | Identified the +2 buckler of the Invisible Hand {MR+} (You found it on level 6 of the Lair of Beasts)
 16783 | D:12     | Found Vuatsee's Book Boutique.
 16793 | D:12     | Reached XP level 15. HP: 146/146 MP: 14/14
 16880 | D:12     | Noticed KlownO's ghost (journeyman GrEE)
 16900 | D:12     | Killed KlownO's ghost
 16949 | D:12     | Found Kuhagrat's General Store.
 16974 | D:12     | Bought a potion of heal wounds for 65 gold pieces
 16974 | D:12     | Bought a scroll of teleportation for 39 gold pieces
 17155 | D:12     | Found Xucw's Distillery.
 17160 | D:12     | Found Fyenly's General Store.
 17939 | D:13     | Reached skill level 13 in Invocations
 18118 | D:13     | Identified the +2 large shield "Ifiader" {Regen+} (You found it on level 13 of the Dungeon)
 18805 | D:14     | Found a gate to the Vaults.
 19021 | D:14     | Reached skill level 10 in Armour
 19664 | D:15     | Entered Level 15 of the Dungeon
 19773 | D:15     | Found a staircase to the Depths.
 19990 | D:14     | Noticed a storm dragon
 20009 | D:14     | Killed a storm dragon
 20229 | D:15     | Reached skill level 10 in Dodging
 20631 | Shoals:1 | Entered Level 1 of the Shoals
 20755 | Shoals:1 | Reached skill level 14 in Invocations
 21101 | Shoals:1 | Reached XP level 16. HP: 99/157 MP: 13/13
 21515 | Shoals:1 | Noticed a kraken
 21763 | Shoals:1 | Noticed a kraken
 21788 | Shoals:1 | Killed a kraken
 21859 | Shoals:2 | Noticed Polyphemus
 22028 | Shoals:2 | Killed Polyphemus
 22028 | Shoals:2 | Reached skill level 5 in Shields
 22248 | Shoals:2 | Found a sparkling altar of Nemelex Xobeh.
 22312 | Shoals:2 | Noticed Roxanne
 23992 | Spider:1 | Entered Level 1 of the Spider Nest
 24852 | Spider:2 | Reached XP level 17. HP: 166/166 MP: 11/11
 25593 | Spider:3 | Reached skill level 10 in Shields
 25946 | Spider:3 | Learned a level 4 spell: Summon Lightning Spire
 26183 | Shoals:1 | Killed a kraken
 26641 | Shoals:4 | Entered Level 4 of the Shoals
 26706 | Shoals:4 | Found Ysoill's Antique Armour Shoppe.
 26819 | Shoals:4 | Found Oqosy's Food Boutique.
 26902 | Shoals:4 | Noticed Ilsuiw
 27043 | Shoals:4 | Killed Ilsuiw
 27097 | Shoals:4 | Found Muxaliwu's Food Boutique.
 27507 | Shoals:4 | Got a barnacled rune of Zot
 27654 | Shoals:4 | Identified the ring of Faotar {rPois rC+ SInv} (You took it off a merfolk javelineer on level 4 of the Shoals)
 27774 | Shoals:4 | Found Caavvulol's Jewellery Boutique.
 27846 | Shoals:4 | Bought an uncursed ring of protection from magic for 300 gold pieces
 28061 | Shoals:4 | Gained mutation: You passively map a large area around you. [Deep Dwarf growth]
 28061 | Shoals:4 | Reached XP level 18. HP: 177/177 MP: 9/9
 28853 | Spider:4 | Entered Level 4 of the Spider Nest
 28870 | Spider:4 | Reached skill level 15 in Fighting
 29936 | Spider:4 | Paralysed by a hornet for 2 turns
 30352 | Spider:4 | Got a gossamer rune of Zot
 30663 | Vaults:1 | Entered Level 1 of the Vaults
 30988 | Vaults:1 | Reached skill level 15 in Invocations
 31612 | Vaults:1 | Reached XP level 19. HP: 186/186 MP: 11/11
 32688 | Vaults:2 | Found a staircase to the Crypt.
 33042 | Vaults:2 | Reached skill level 16 in Invocations
 33066 | Vaults:2 | Found a sacrificial altar of Ru.
 33673 | Vaults:2 | Identified the Handbook of Translocation and Flames
 33763 | Vaults:2 | Noticed Nikola
 33770 | Vaults:2 | Killed Nikola
 33898 | Vaults:3 | Reached skill level 15 in Armour
 34042 | Vaults:3 | Noticed Jorgrun
 34053 | Vaults:3 | Killed Jorgrun
 34110 | Vaults:3 | Reached XP level 20. HP: 84/198 MP: 13/13
 34710 | Vaults:3 | Reached skill level 15 in Dodging
 35400 | Vaults:4 | Reached skill level 15 in Shields
 35469 | Vaults:4 | Reached skill level 17 in Invocations
 36137 | Vaults:4 | Found Medoteck's Book Shop.
 36670 | Elf:1    | Entered Level 1 of the Elven Halls
 36757 | Elf:1    | Noticed Kirke
 36780 | Elf:1    | Killed Kirke
 36814 | Elf:1    | Found Kyimijiz's Antique Armour Shop.
 36817 | Elf:1    | Found Idghuc Minka's Gadget Boutique.
 36817 | Elf:1    | Found Ziul Emes's Distillery.
 36821 | Elf:1    | Found Siof Sic's Gadget Boutique.
 36831 | Elf:1    | Bought a potion of curing for 36 gold pieces
 36831 | Elf:1    | Bought 2 potions of heal wounds for 120 gold pieces
 36831 | Elf:1    | Bought a potion of ambrosia for 96 gold pieces
 36978 | Elf:1    | Found Seli's Armour Shoppe.
 37182 | Elf:1    | Identified the Guide on the Escort
 37655 | Elf:2    | Reached XP level 21. HP: 207/207 MP: 14/14
 37826 | Elf:2    | Noticed Saint Roka
 37864 | Elf:2    | Killed Saint Roka
 37995 | Elf:2    | Found Qedgh's Food Shoppe.
 38129 | Elf:2    | Found a runed gate.
 38129 | Elf:2    | Found a runed gate.
 38129 | Elf:2    | Found a runed gate.
 38244 | Elf:2    | Reached skill level 18 in Invocations
 39109 | Elf:3    | Entered Level 3 of the Elven Halls
 39881 | Elf:3    | Found the +3 giant club "Skullcrusher" {speed, Str+7}
 39907 | Elf:3    | Reached XP level 22. HP: 176/218 MP: 15/15
 39981 | Elf:3    | Reached XP level 23. HP: 188/228 MP: 16/16
 40275 | Elf:3    | Identified the Catalogue of Morality
 40319 | Elf:3    | Identified Togrog Torgha's Incunabulum of Frigorific Unholy Rituals
 40377 | Elf:3    | Identified the Papyrus of Scorching Transmigration
 40687 | Depths:1 | Entered Level 1 of the Depths
 40799 | Depths:1 | Reached skill level 19 in Invocations
 40884 | Depths:1 | Noticed a juggernaut
 40909 | Depths:1 | Killed a juggernaut
 41425 | Depths:1 | Found the +2 shield of Resistance {rF+ rC+ MR+}
 41591 | Depths:1 | Found a gateway to Hell.
 42006 | Depths:2 | Noticed KlownO's ghost (veteran GrEE)
 42075 | Depths:2 | Killed KlownO's ghost
 42897 | Depths:2 | Reached skill level 20 in Invocations
 43040 | Depths:2 | Paralysed by a floating eye for 2 turns
 43396 | Depths:2 | Reached XP level 24. HP: 234/237 MP: 17/17
 43905 | Depths:2 | Identified a scroll of acquirement
 44086 | Depths:2 | Found a one-way gate to the infinite horrors of the Abyss.
 44297 | Depths:3 | Noticed Margery
 44315 | Depths:3 | Killed Margery
 44403 | Depths:3 | Found a one-way gate leading to the halls of Pandemonium.
 44464 | Depths:3 | Paralysed by a floating eye for 2 turns
 44728 | Depths:3 | Paralysed by you for 4 turns
 45034 | Depths:3 | Paralysed by you for 6 turns
 45280 | Depths:4 | Learned a level 1 spell: Summon Butterflies
 45283 | Depths:4 | Learned a level 2 spell: Passwall
 45314 | Depths:4 | Reached skill level 1 in Translocations
 45331 | Depths:4 | Reached skill level 1 in Summonings
 45354 | Depths:4 | Reached skill level 1 in Spellcasting
 45491 | Depths:4 | Found a gateway to a ziggurat.
 45702 | Depths:4 | Learned a level 3 spell: Lesser Beckoning
 45764 | Depths:4 | Paralysed by a floating eye for 4 turns
 45768 | Depths:4 | HP: 9/238 [deep troll earth mage (3)]
 45768 | Depths:4 | Slain by a spriggan berserker

Vault maps used:
D:1:      tarquinn_simple_flora_water_e
D:2:      lemuel_tele_altar, uniq_natasha, uniq_crazy_yiuf_cottage, uniq_sigmund
D:3:      marbit_many_paths, first_ration, uniq_ijyb
D:4:      serial_shops, shop, nicolae_ossuary_entry_plus
D:5:      minmay_temple_entry_large_hall, minmay_misc_feat_square
D:6:      gammafunk_wand_slinger, serial_shops, nicolae_shop_crystal
D:7:      uniq_menkaure
D:8:      dpeg_oklobed_lair, serial_shops, shop, grunt_pizzeria,
          minmay_lizard_king, uniq_pikel
D:9:      david_orc_2, nicolae_ashenzari_panopticon
D:10:     uniq_erolcha
D:12:     serial_shops, shop, shop, nicolae_shop_waterfront, shop
D:14:     kennysheep_funnel, grunt_vaults_entry_fortified, minivault_19,
          minmay_misc_feat_rugged
D:15:     hangedman_depths_entry_try_elsewhere_first, minivault_11,
          minmay_fountain_box
Temple:   roderic_octagonal_lattice_temple
Lair:1:   lemuel_fruit_fields, serial_bayou_shore_b, uniq_nergalle
Lair:2:   uniq_sonja, uniq_harold
Lair:3:   dummy_spider_entry, grunt_megastairs_4
Lair:4:   elwin_shoals_entry_stream, serial_bayou_shore_b
Lair:5:   roderic_batcave, infiniplex_staircase_pool_2, grunt_megastairs_2
Lair:6:   hangedman_lair_caniforms_friends, hangedman_lair_in_review,
          nicolae_slime_entry_slimehenge, dpeg_oklob_1,
          infiniplex_staircase_pool, serial_bayou_shore_a
Shoals:2: lemuel_centaur_altar, uniq_roxanne, uniq_polyphemus
Shoals:4: shoals_end_grunt_ice, shoals_ilsuiw_ice, serial_shops,
          nicolae_shop_stone, nicolae_shop_crystal, shop, shop,
          nicolae_shoals_square_sea_wall
Spider:1: spider_trap
Spider:2: spider_trap, nicolae_spider_shape
Spider:3: einodemon_crawler_minivault
Spider:4: grunt_spider_rune_island, special_room, lemuel_hornet_nest,
          nicolae_spider_cling_ruins
Orc:1:    serial_shops, shop, nicolae_shop_stone, nicolae_shop_behind_doors,
          nicolae_shop_trees
Orc:2:    st_orc_open, lightli_orcish_oven
Elf:1:    minmay_elf_arrival_summoners, serial_shops, shop,
          minmay_elf_demonology, minmay_shoptagon, uniq_kirke
Elf:2:    serial_shops, shop, uniq_saint_roka
Elf:3:    nooodl_elf_gasket
Vaults:1: grunt_vaults_focal, nicolae_vaults_lopsided_apartments,
          nicolae_vaults_network_quinsquares,
          nicolae_vaults_windows_and_doors_thing, ontoclasm_vaults_idyll,
          vaults_mumra_minichess, nicolae_vaults_specimen_jars,
          grunt_vaults_trifunnel, serial_ice_h, hangedman_vaults_slice,
          nicolae_vaults_border_crossing, ontoclasm_vaults_hangar,
          vaults_room_hallway
Vaults:2: minmay_crypt_entry_simple_statues, serial_ice_b,
          nicolae_vaults_little_ls, vaults_mumra_minichess_inversion,
          nicolae_vaults_shelves_hall, nicolae_vaults_angled_halls,
          nicolae_vaults_network_periphery, vaults_room_corners,
          vaults_room_corners, nicolae_vaults_display_case,
          hangedman_vaults_nodes, nicolae_vaults_three_branches,
          nicolae_vaults_little_squares_4, basic_altar, uniq_nikola
Vaults:3: grunt_vaults_bifocal, ontoclasm_vaults_spin,
          nicolae_vaults_ring_of_whatevers, vaults_mumra_chevron_long,
          vaults_dpeg_spiral, v_misc_5, v_misc_4, vaults_dpeg_diagonal,
          ontoclasm_vaults_decontamination, vaults_dpeg_hooks, uniq_jorgrun
Vaults:4: vaults_standard_mumra_lines, ontoclasm_vaults_ligature,
          vaults_room_boxed, v_pattern_5, ontoclasm_vaults_ring_small,
          vaults_dpeg_cross, vaults_room_pools,
          nicolae_vaults_diagonal_hallway_8, nicolae_vaults_mini_display_case,
          vaults_room_door_hall, grunt_vaults_hallway_short, serial_shops, shop
Depths:1: minmay_crescents, hell_entry, serial_sigils_hangedman_confine,
          minivault_15, minmay_misc_feat_encased, lightli_fourway_metalbox
Depths:2: lemuel_river_lethe, abyss_entry, hell_entry
Depths:3: gammafunk_mikee_crab_dinner, grunt_metal_band, pan_entry,
          kennysheep_crisscross, grunt_ministairs_9,
          infiniplex_staircase_zigzag_2
Depths:4: minmay_swirls_squares, enter_ziggurat_d, hell_entry, abyss_entry,
          infiniplex_staircase_zigzag_3, grunt_tough_drop
Ossuary:  ossuary_minmay_tomb_2a

Skill      XL: |  1  2  3  4  5  6  7  8  9 10 11 12 13 14 15 16 17 18 19 20 21 22 23 24 |
---------------+-------------------------------------------------------------------------+-----
Axes           | 3 6 7 8 10 11 12 13 14 15 16 17 18 | 18.0
Fighting       | 5 6 8 9 11 12 13 14 15 16 17 18 | 18.7
Invocations    | 2 5 8 10 11 12 14 15 16 17 18 20 | 20.8
Evocations     | 2 5 9 10 | 10.0
Dodging        | 2 6 8 10 11 12 13 14 15 16 17 18 | 18.0
Armour         | 4 7 9 10 11 12 14 15 16 17 18 | 18.3
Shields        | 9 12 13 14 15 16 17 18 | 18.0
Translocations | 4 |  4.1
Summonings     | 3 |  3.4
Spellcasting   | 3 |  3.1

Action                   |  1- 3 |  4- 6 |  7- 9 | 10-12 | 13-15 | 16-18 | 19-21 | 22-24 || total
-------------------------+-------+-------+-------+-------+-------+-------+-------+-------++-------
Melee: War axe           |    80 |   169 |   502 |   705 |   115 |       |       |       ||  1571
       Battleaxe         |       |       |       |       |  1172 |       |       |       ||  1172
       Broad axe         |       |       |       |       |   119 |  2082 |  1477 |  1148 ||  4826
 Fire: Hunting sling     |       |       |       |       |       |     2 |       |       ||     2
Throw: Stone             |       |       |       |    11 |     5 |       |       |       ||    16
       Throwing net      |       |       |       |       |       |       |       |     1 ||     1
Invok: Minor Destruction |       |       |       |     4 |       |     3 |       |       ||     7
       Lesser Servant of |       |       |       |    11 |     7 |    25 |     8 |     2 ||    53
 Abil: Heal Wounds       |     3 |       |    12 |    25 |    13 |    22 |     3 |       ||    78
Evoke: Wand              |       |       |     2 |     1 |     4 |    94 |     2 |     5 ||   108
       Box of beasts     |       |       |       |       |       |     1 |       |       ||     1
       Lightning rod     |       |       |       |       |       |       |     3 |     2 ||     5
       Lamp of fire      |       |       |       |       |       |       |     2 |     1 ||     3
  Use: Scroll            |     2 |     4 |    12 |     5 |    11 |    13 |     7 |    12 ||    66
       Potion            |       |       |     1 |       |     5 |     5 |       |     6 ||    17
 Stab: Distracted        |       |       |       |     3 |     1 |    13 |     4 |     1 ||    22
       Paralysed         |       |       |       |     1 |       |     9 |       |       ||    10
       Held in net/web   |       |       |       |       |     3 |       |       |       ||     3
  Eat: Chunk             |       |     5 |    13 |    16 |    37 |    35 |    28 |    13 ||   147
       Ration            |       |       |       |       |     1 |     1 |       |     2 ||     4
Armor: Plate armour      |    56 |   108 |   175 |   234 |   691 |   838 |   204 |   263 ||  2569
       Scale mail        |     6 |       |       |       |       |       |       |       ||     6
       Gold dragon scale |       |       |       |       |       |       |       |    51 ||    51
Dodge: Dodged            |    15 |    28 |    50 |    71 |   585 |   583 |   208 |   400 ||  1940
Block: Shield            |    36 |    80 |   259 |   342 |    53 |       |       |   673 ||  1443
       Reflection        |       |       |     2 |     4 |    18 |   133 |   129 |    84 ||   370
       Other             |       |       |       |       |   115 |       |       |       ||   115
       Large shield      |       |       |       |       |    99 |  2495 |  1209 |   250 ||  4053

Table legend:
 A = Spawn XP
 B = Non-spawn XP
 C = Spawn XP percentage of total XP
 D = Spawn monster count
 E = Non-spawn monster count
 F = Spawn count percentage of total count
 G = Total turns spent on level
                    A         B        C        D         E        F      G
               +---------+---------+-------+---------+---------+-------+---------
         Total |       0 |  952184 |   0.0 |       0 |    2099 |   0.0 | 45768
               +---------+---------+-------+---------+---------+-------+---------
           D:1 |       0 |      30 |   0.0 |       0 |      17 |   0.0 |   588
           D:2 |       0 |     461 |   0.0 |       0 |      17 |   0.0 |   850
           D:3 |       0 |     110 |   0.0 |       0 |      26 |   0.0 |   750
           D:4 |       0 |     428 |   0.0 |       0 |      23 |   0.0 |   951
           D:5 |       0 |    1048 |   0.0 |       0 |      25 |   0.0 |   673
           D:6 |       0 |     882 |   0.0 |       0 |      24 |   0.0 |   681
           D:7 |       0 |    1795 |   0.0 |       0 |      38 |   0.0 |  1093
           D:8 |       0 |    2792 |   0.0 |       0 |      31 |   0.0 |   806
           D:9 |       0 |    3967 |   0.0 |       0 |      43 |   0.0 |  1059
          D:10 |       0 |    3254 |   0.0 |       0 |      23 |   0.0 |   745
          D:11 |       0 |    4559 |   0.0 |       0 |      42 |   0.0 |   967
          D:12 |       0 |    3432 |   0.0 |       0 |      30 |   0.0 |  1151
          D:13 |       0 |   11212 |   0.0 |       0 |      52 |   0.0 |  1032
          D:14 |       0 |   18853 |   0.0 |       0 |      38 |   0.0 |  1122
          D:15 |       0 |    9826 |   0.0 |       0 |      34 |   0.0 |   726
        Lair:1 |       0 |    4102 |   0.0 |       0 |      15 |   0.0 |   905
        Lair:2 |       0 |    9366 |   0.0 |       0 |      25 |   0.0 |   977
        Lair:3 |       0 |    4547 |   0.0 |       0 |      17 |   0.0 |   919
        Lair:4 |       0 |    3936 |   0.0 |       0 |      11 |   0.0 |   771
        Lair:5 |       0 |    5881 |   0.0 |       0 |      29 |   0.0 |   908
        Lair:6 |       0 |   36299 |   0.0 |       0 |     134 |   0.0 |  1738
      Shoals:1 |       0 |   19580 |   0.0 |       0 |      32 |   0.0 |  1376
      Shoals:2 |       0 |   17401 |   0.0 |       0 |      35 |   0.0 |  1071
      Shoals:3 |       0 |   10937 |   0.0 |       0 |      20 |   0.0 |   888
      Shoals:4 |       0 |   37439 |   0.0 |       0 |      67 |   0.0 |  1662
      Spider:1 |       0 |   16259 |   0.0 |       0 |      52 |   0.0 |   761
      Spider:2 |       0 |   21755 |   0.0 |       0 |      66 |   0.0 |   829
      Spider:3 |       0 |   24529 |   0.0 |       0 |      67 |   0.0 |  1022
      Spider:4 |       0 |   51899 |   0.0 |       0 |     130 |   0.0 |  1580
         Orc:1 |       0 |    4089 |   0.0 |       0 |      41 |   0.0 |   714
         Orc:2 |       0 |   15141 |   0.0 |       0 |      54 |   0.0 |  1233
         Elf:1 |       0 |   25866 |   0.0 |       0 |      44 |   0.0 |   982
         Elf:2 |       0 |   63923 |   0.0 |       0 |      87 |   0.0 |  1549
         Elf:3 |       0 |   74861 |   0.0 |       0 |      68 |   0.0 |  1348
      Vaults:1 |       0 |   46489 |   0.0 |       0 |      80 |   0.0 |  1600
      Vaults:2 |       0 |   72334 |   0.0 |       0 |     126 |   0.0 |  1654
      Vaults:3 |       0 |   42420 |   0.0 |       0 |      62 |   0.0 |  1546
      Vaults:4 |       0 |   45608 |   0.0 |       0 |      73 |   0.0 |  1080
      Depths:1 |       0 |   53751 |   0.0 |       0 |      51 |   0.0 |  1246
      Depths:2 |       0 |   68212 |   0.0 |       0 |     119 |   0.0 |  2116
      Depths:3 |       0 |   59518 |   0.0 |       0 |      77 |   0.0 |  1204
      Depths:4 |       0 |   52924 |   0.0 |       0 |      38 |   0.0 |   515
       Ossuary |       0 |     469 |   0.0 |       0 |      16 |   0.0 |   224
               +---------+---------+-------+---------+---------+-------+---------
